AoeStats
← Daniel5ds

Arena

504514142Analyzed
2v2 RM · 28d ago on Sep 5, 2026· 50m 49s· 4 players
Game mode
Random Map
Map size
Medium (4 player)
Population
200
Speed
Normal
Resources
Standard
Victory
Conquest
Starting age
Dark Age
Ending age
Imperial Age
RankedLock teamsTeams togetherTeam positionsShared explorationLock speedFull tech treeHidden civsTurbo modeCheats
Victory
Defeat
🇩🇪 Khmer · Germany
831
+16
🇩🇪 Burgundians · Germany
737
+19
🇪🇨 Teutons · Ecuador
885
-59
🇪🇨 Khmer · Ecuador
760
-36
St4lk3r
10:09 Feudal Age
11:17 Wheelbarrow
15:55 Double-Bit Axe
21:07 Castle Age
19:28 Horse Collar
20:07 Hand Cart
21:37 Cavalier
22:19 Husbandry
24:35 Bow Saw
28:45 Caravan
28:42 Gold Mining
28:43 Stone Mining
29:02 Scale Barding Armor
29:16 Forging
31:09 Chain Barding Armor
32:38 Burgundian Vineyards
34:01 Gold Shaft Mining
34:01 Stone Shaft Mining
34:09 Fletching
34:20 Scale Mail Armor
34:20 Padded Archer Armor
38:49 Imperial Age
38:54 Iron Casting
38:35 Chain Mail Armor
38:15 Bodkin Arrow
38:35 Leather Archer Armor
39:32 Elite Coustillier
41:53 Plate Barding Armor
41:52 Plate Mail Armor
41:55 Paladin
44:50 Blast Furnace
ferdjay
10:12 Feudal Age
11:34 Horse Collar
13:31 Loom
16:13 Castle Age
16:45 Wheelbarrow
16:25 Double-Bit Axe
17:43 Heavy Plow
18:31 Gold Mining
19:41 Hand Cart
19:46 Bow Saw
22:53 Town Watch
25:34 Caravan
27:02 Gold Shaft Mining
29:57 Imperial Age
28:11 Stone Mining
28:43 Forging
28:38 Scale Barding Armor
28:53 Husbandry
29:04 Bloodlines
30:02 Stone Shaft Mining
31:00 Iron Casting
30:48 Chain Barding Armor
31:08 Town Watch
31:25 Capped Ram
34:00 Blast Furnace
33:36 Plate Barding Armor
34:32 Crop Rotation
34:02 Elite Battle Elephant
35:24 Conscription
35:12 Tusk Swords
35:49 Town Patrol
36:53 Double Crossbow
37:35 Heavy Scorpion
42:34 Elite Ballista Elephant
43:50 Hoardings
45:00 Ballistics
44:46 Siege Engineers
45:43 Chemistry
44:40 Murder Holes
44:56 Masonry
Mario
11:50 Feudal Age
12:18 Double-Bit Axe
12:29 Horse Collar
16:11 Arson
18:41 Gold Mining
19:02 Scale Barding Armor
18:59 Scale Mail Armor
19:10 Forging
20:36 Wheelbarrow
21:25 Bloodlines
23:36 Stone Mining
25:58 Loom
28:38 Castle Age
30:12 Bow Saw
30:10 Heavy Plow
31:49 Squires
33:03 Hand Cart
34:49 Chain Mail Armor
36:46 Pikeman
40:04 Chain Barding Armor
40:20 Iron Casting
Daniel5ds
11:01 Feudal Age
11:38 Double-Bit Axe
11:45 Loom
12:17 Horse Collar
15:07 Gold Mining
19:53 Castle Age
21:35 Wheelbarrow
22:57 Bow Saw
23:26 Gold Shaft Mining
22:44 Pikeman
24:04 Town Watch
31:43 Heavy Plow
32:40 Stone Mining
35:42 Imperial Age
34:09 Stone Shaft Mining
33:10 Elite Skirmisher
34:49 Hand Cart
34:48 Forging
34:29 Fletching
35:20 Ballistics
36:34 Town Patrol
37:12 Iron Casting
36:33 Bodkin Arrow
37:44 Chemistry
37:35 Crop Rotation
37:30 Halberdier
38:54 Bloodlines
38:46 Husbandry
39:18 Fortified Wall
39:31 Masonry
40:01 Scale Barding Armor
40:00 Scale Mail Armor
43:46 Architecture
48:34 Scale Barding Armor
Connection lost

Rejoining the realm…

Still unreachable

The connection could not be restored.

Session expired

The server has moved on; the page needs a fresh start.